AoeStats
← Dieu Tan

Arabia

510295191Analyzed
1v1 RM · 15h ago on Sep 30, 2026· 79m 36s· 2 players
Game mode
Random Map
Map size
Tiny (2 player)
Population
200
Speed
Normal
Resources
Standard
Victory
Conquest
Starting age
Dark Age
Ending age
Imperial Age
RankedLock teamsTeams togetherTeam positionsShared explorationLock speedFull tech treeHidden civsTurbo modeCheats
Victory
Defeat
🇸🇬 Mongols · Singapore
1583
+17
🇺🇸 Franks · United States
1606
-17
MotuMonk
8:06 Feudal Age
9:00 Double-Bit Axe
9:32 Loom
11:20 Horse Collar
19:42 Castle Age
19:15 Bloodlines
19:26 Forging
23:12 Bow Saw
26:15 Town Watch
29:56 Wheelbarrow
30:02 Husbandry
30:10 Gold Mining
34:13 Imperial Age
32:41 Fletching
33:44 Bodkin Arrow
34:10 Padded Archer Armor
34:52 Hand Cart
35:30 Parthian Tactics
35:07 Bracer
35:22 Leather Archer Armor
34:32 Light Cavalry
36:35 Iron Casting
36:14 Thumb Ring
37:14 Chemistry
39:35 Blast Furnace
39:29 Scale Barding Armor
39:53 Conscription
42:35 Conscription
42:41 Chain Barding Armor
45:49 Heavy Camel Rider
47:27 Ballistics
53:45 Murder Holes
53:29 Hussar
58:44 Heavy Cavalry Archer
68:52 Heavy Plow
70:49 Town Patrol
75:33 Town Patrol
79:28 Capped Ram
Dieu Tan
6:20 Loom
9:27 Feudal Age
10:24 Double-Bit Axe
16:57 Wheelbarrow
20:16 Castle Age
22:03 Bow Saw
22:33 Husbandry
22:41 Scale Barding Armor
23:30 Forging
24:44 Chain Barding Armor
26:30 Scale Mail Armor
34:48 Imperial Age
33:11 Hand Cart
32:42 Town Watch
34:28 Chain Mail Armor
34:22 Gold Mining
34:23 Stone Mining
34:38 Fletching
36:40 Iron Casting
36:49 Elite Throwing Axeman
39:02 Plate Mail Armor
39:09 Squires
38:55 Arson
40:49 Blast Furnace
42:27 Plate Barding Armor
42:17 Cavalier
44:26 Conscription
45:48 Paladin
46:57 Gambesons
49:28 Light Cavalry
52:06 Bodkin Arrow
54:59 Ballistics
55:40 Chemistry
54:26 Arrowslits
54:54 Masonry
54:49 Siege Engineers
56:23 Padded Archer Armor
Connection lost

Rejoining the realm…

Still unreachable

The connection could not be restored.

Session expired

The server has moved on; the page needs a fresh start.